Match 42338262
Unlisted

Match 42338262
End
Kradschützen Motorcycle Team
Panzergrenadier Squad
Panzergrenadier Squad
Construct Light Support Kompanie
Panzerjäger Squad
Fire Support Elements
Flakvierling Half-track
Assault Mechanized Group
Construct Mechanized Kompanie
StuG III D Assault Gun
Marder III Tank Destroyer
Emergency Repair Kits
Selects Panzerjäger Kommand Battlegroup
2.5-tonne Medical Truck
Selects Mine Fields
Selects Tank Busters
Selects Crew Shock Tactics
Construct Panzerarmee Kommand
Selects Anti-tank Overwatch
Panzer III L Medium Tank
Vehicle Survival Package
Panzer III L Medium Tank
Panzer III L Medium Tank
Selects Defensive Positions
Selects Butterfly Bomb Drop
Butterfly Bomb Drop
Panzer III L Medium Tank
Anti-tank Overwatch
Panzer III L Medium Tank
Tungsten Core Ammunition
Butterfly Bomb Drop
Panzergrenadier Squad
Assault Mechanized Group
Saueee
Basecoh3 @ Youtube
Sukulaku
Bego
0
0

Comments sign in to comment!

No comments posted yet!